 Dungeon Crawl Stone Soup version 0.23.2-33-g5129a83184 (webtiles) character file.

Game seed: 2123760188707902365

3459 FishyPogo the Gusty (level 9, -4/64 HPs)
             Began as a White Draconian Air Elementalist on Aug 10, 2019.
             Was a Follower of Hepliaklqana.
             Slain by an orc knight
             ... wielding a +0 trident
              (23 damage)
             ... in a bailey.
             The game lasted 01:06:10 (8254 turns).

FishyPogo the Gusty (DrAE)                          Turns: 8254, Time: 01:06:11

Health: -4/64      AC: 11    Str: 12    XL:     9   Next: 78%
Magic:  12/14      EV: 15    Int: 19    God:    Hepliaklqana [*.....]
Gold:   609        SH:  6    Dex: 14    Spells: 6/14 levels left

rFire    + . .     SeeInvis .   a - +4 short sword of Paper {speed, +Inv Int+4}
rCold    + . .     Gourm    .   e - +1 buckler
rNeg     . . .     Faith    .   (armour unavailable)
rPois    .         Spirit   .   C - +2 hat
rElec    .         Reflect  .   x - +0 cloak
rCorr    +         Harm     .   o - +0 pair of gloves
MR       .....                  (no boots)
Stlth    ++........             (no amulet)
HPRegen  0.20/turn              n - ring of protection from fire
MPRegen  0.14/turn              i - ring of resist corrosion

@: no status effects
A: breathe frost, unfitting armour, reduced essence, cold resistance 1,
cold-blooded, AC +7
a: Breathe Frost, Recall Ancestor, Ancestor Identity, Renounce Religion, Evoke
Invisibility


You were in a bailey.
You worshipped Hepliaklqana.
Hepliaklqana was aware of your devotion.
You were very hungry.

You visited 2 branches of the dungeon, and saw 10 of its levels.
You also visited: Sewer and Bailey.

You collected 609 gold pieces.

Inventory:

Hand Weapons
 a - the +4 short sword of Paper (weapon) {speed, +Inv Int+4}
   (You found it on level 4 of the Dungeon)

   Attacks with this weapon are significantly faster.
   It affects your intelligence (+4).
   It lets you turn invisible.
 b - a +4 scimitar of flaming
 t - a +2 vampiric falchion
 D - a +0 quarterstaff of protection
Missiles
 g - 331 stones (quivered)
 h - 10 poisoned javelins
 G - a throwing net
Armour
 e - a +1 buckler (worn)
 o - a +0 pair of gloves (worn)
 x - a +0 cloak (worn)
 C - a +2 hat (worn)
Jewellery
 i - a ring of resist corrosion (right hand)
 n - a ring of protection from fire (left hand)
Wands
 f - a wand of polymorph (6)
 q - a wand of flame (19)
 v - a wand of paralysis (25)
 B - a wand of digging (4)
Scrolls
 d - 6 scrolls of enchant armour
 l - 5 scrolls of teleportation
 s - a scroll of fear
 u - a scroll of enchant weapon
 y - a scroll of amnesia
 A - a scroll of immolation
Potions
 j - 2 potions of flight {unknown}
 k - 3 potions of heal wounds
 p - a potion of curing
 w - 5 potions of brilliance
 z - a potion of lignification
 E - a potion of invisibility {unknown}
Comestibles
 c - 4 chunks of flesh
 r - 14 rations


   Skills:
 + Level 4.7 Fighting
 + Level 5.9 Short Blades
 * Level 5.7 Dodging
 - Level 2.0 Stealth
 - Level 4.1 Shields
 + Level 3.3 Spellcasting
 - Level 2.0 Conjurations
 - Level 3.0 Summonings
 + Level 7.0 Air Magic
 * Level 1.9 Invocations
 + Level 3.4 Evocations


You had 6 spell levels left.
You knew the following spells:

 Your Spells              Type           Power        Failure   Level  Hunger
a - Shock                 Conj/Air       ###.         2%          1    None
b - Swiftness             Chrm/Air       ###.....     5%          2    ##.....
c - Summon Small Mammal   Summ           ##..         4%          1    None
d - Airstrike             Air            ####......   9%          4    ####...

Your spell library contained the following spells:

 Spells                   Type           Power        Failure   Level  Hunger
 Static Discharge         Conj/Air       ###.....     7%          3    ###....
 Animate Skeleton         Necr           N/A          14%         1    None
 Apportation              Tloc           #.....       14%         1    None
 Confusing Touch          Hex            #.....       14%         1    None
 Lightning Bolt           Conj/Air       ###.......   54%         5    ######.


Dungeon Overview and Level Annotations

Branches:
Dungeon (9/15)             Temple (1/1) D:7            Lair (0/6) D:8
    Orc: D:9-12

Altars:
Ashenzari
Cheibriados
Elyvilon
Fedhas
Gozag
Hepliaklqana
Kikubaaqudgha
Makhleb
Nemelex Xobeh
Okawaru
Qazlal
Ru
Sif Muna
Trog
Uskayaw
Vehumet
Wu Jian
Xom
Yredelemnul
Zin
The Shining One


Innate Abilities, Weirdness & Mutations

You can breathe waves of freezing cold.
You can buffet flying creatures when you breathe cold.
Your icy white scales are hard. (AC +7)
You cannot fit into any form of body armour.
Your flesh is cold resistant. (rC+)
You are cold-blooded and may be slowed by cold attacks.
Your life essence is reduced to manifest your ancestor. (-10% HP)


Message History

You feel much better.
The orc knight hits you from afar with a +0 trident!
* * * LOW HITPOINT WARNING * * *
Press: ? - help, Shift-Dir - straight line, f - orc knight
Aim: an orc knight, wielding a +0 trident and wearing a +0 plate armour (moderately wounded)
You exhale a wave of freezing cold.
The freezing breath misses the orc knight.
You are feeling very hungry.
Eduard hits the orc knight!
The orc knight hits you from afar with a +0 trident!
* * * LOW HITPOINT WARNING * * *
You feel much better.
Eduard hits the orc knight but does no damage.
The orc knight hits you from afar with a +0 trident!
* * * LOW HITPOINT WARNING * * *
Eduard hits the orc knight but does no damage.
Eduard hits the orc knight but does no damage.
You have got your breath back.
The orc knight hits you from afar with a +0 trident!!
You die...

###### .....##
≈≈≈≈..## )..≈≈..##
##..≈≈..##########
##..≈≈..........#
##..≈≈≈≈≈≈≈≈≈≈.#
##.......R.o≈.#
##########.≈@#
#.....##.≈.#
≈§≈§..#'...##..≈.#
...≈§..##.##..≈≈.#
⌠..§§§..#'#).≈≈.##
∩⌠.§≈≈..#'#..≈≈.∩#
§)o§≈.. # ##.)≈≈.#
§≈≈§.. ##..≈.#
...§.# ##)≈.#


You could see the friendly Eduard the ancestor and an orc knight.

Vanquished Creatures
  Erica (D:8)
  A water moccasin (D:6)
  2 orc warriors (Bailey)
  A black bear (D:5)
  An ice beast (D:4)
  2 phantoms
  3 ogres (D:5)
  A centaur (D:6)
  A bullfrog (D:9)
  3 big kobolds
  2 scorpions
  5 wights (D:7)
  4 crimson imps
  2 bullfrog skeletons (D:8)
  A gnoll shaman (D:8)
  2 orc wizards
  Crazy Yiuf (D:7)
  A hound (D:4)
  Terence (D:3)
  3 worker ants
  A howler monkey zombie (D:6)
  A worker ant zombie (D:5)
  5 gnolls
  9 adders
  A river rat (Sewer)
  A shadow imp (D:5)
  2 oozes
  2 adder zombies (D:5)
  A worm (D:3)
  A dart slug (D:2)
  4 leopard geckos
  24 orcs
  A ball python (D:2)
  5 giant cockroaches
  8 goblins
  7 hobgoblins
  9 jackals
  3 quokkas
  10 bats
  8 frilled lizards
  16 kobolds
  A leopard gecko zombie (D:5)
  A quokka zombie (D:6)
  10 rats
169 creatures vanquished.

Vanquished Creatures (collateral kills)
  Menkaure (D:7)
  A sky beast (D:7)
  An orc warrior (Bailey)
  A bullfrog (D:8)
  A jelly (D:9)
  An iguana (D:9)
  4 gnolls
  An adder (D:9)
  7 orcs
  A giant cockroach (D:7)
19 creatures vanquished.

Vanquished Creatures (others)
  5 ancestors
5 creatures vanquished.

Grand Total: 193 creatures vanquished

Notes
Turn   | Place    | Note
-------+----------+-------------------------------------------
     0 | D:1      | FishyPogo the Draconian Air Elementalist began the quest
                  | for the Orb.
     0 | D:1      | Reached XP level 1. HP: 14/14 MP: 3/3
   482 | D:1      | Reached XP level 2. HP: 19/20 MP: 0/5
   486 | D:1      | Learned a level 2 spell: Swiftness
   872 | D:1      | Found a snail-covered altar of Cheibriados.
  1135 | D:2      | Found a faded altar of an unknown god.
  1168 | D:2      | Reached XP level 3. HP: 13/27 MP: 1/6
  1567 | D:2      | Reached skill level 1 in Fighting
  1781 | D:3      | Reached XP level 4. HP: 35/35 MP: 4/7
  1815 | D:3      | Reached skill level 1 in Short Blades
  2036 | D:3      | Noticed Terence
  2095 | D:3      | Found a glowing drain.
  2158 | Sewer    | Entered a sewer
  2343 | Sewer    | Noticed a big kobold
  2383 | Sewer    | Killed a big kobold
  2383 | Sewer    | Reached skill level 1 in Shields
  2383 | Sewer    | Reached skill level 4 in Air Magic
  2383 | Sewer    | Reached XP level 5. HP: 25/40 MP: 1/8
  2748 | Sewer    | Found a white marble altar of Elyvilon.
  2917 | D:3      | Killed Terence
  3460 | D:4      | Got an ichor-stained short sword
  3461 | D:4      | Identified the +4 short sword of Paper {speed, +Inv Int+4}
                  | (You found it on level 4 of the Dungeon)
  3554 | D:4      | Reached XP level 6. HP: 45/47 MP: 3/10
  3754 | D:4      | Noticed an ice beast
  3769 | D:4      | Killed an ice beast
  4097 | D:5      | Entered Level 5 of the Dungeon
  4191 | D:5      | Your scales start taking on an icy white colour.
  4191 | D:5      | Reached XP level 7. HP: 50/52 MP: 4/11
  4191 | D:5      | Gained mutation: Your flesh is cold resistant. (rC+) [White
                  | Draconian growth]
  4197 | D:5      | Learned a level 4 spell: Airstrike
  4704 | D:5      | Reached skill level 5 in Air Magic
  5033 | D:6      | Reached XP level 8. HP: 61/62 MP: 6/12
  5235 | D:6      | Reached skill level 1 in Evocations
  5727 | D:7      | Found a staircase to the Ecumenical Temple.
  5734 | Temple   | Entered the Ecumenical Temple
  5864 | Temple   | Became a worshipper of Hepliaklqana the Forgotten
  5934 | D:7      | Reached skill level 6 in Air Magic
  6010 | D:7      | Found a runed translucent door.
  6011 | D:7      | Noticed Crazy Yiuf
  6020 | D:7      | Killed Crazy Yiuf
  6095 | D:7      | Reached skill level 5 in Short Blades
  6383 | D:7      | Learned a level 1 spell: Summon Small Mammal
  6467 | D:7      | Noticed Menkaure
  6507 | D:7      | Killed Menkaure
  6892 | D:8      | Reached skill level 1 in Summonings
  6956 | D:8      | Noticed Erica
  6995 | D:8      | Reached XP level 9. HP: 54/63 MP: 8/13
  7167 | D:8      | Killed Erica
  7167 | D:8      | Reached skill level 5 in Dodging
  7369 | D:8      | Found a staircase to the Lair.
  7607 | D:9      | Reached * piety under Hepliaklqana
  7775 | D:9      | Reached skill level 1 in Invocations
  7877 | D:9      | Found a flagged portal.
  7884 | Bailey   | Entered a bailey
  8051 | Bailey   | Noticed an orc knight
  8133 | Bailey   | Noticed an orc knight
  8156 | Bailey   | Reached skill level 7 in Air Magic
  8254 | Bailey   | Slain by an orc knight

Skill      XL: |  1  2  3  4  5  6  7  8  9 |
---------------+----------------------------+-----
Dodging        | 2 3 4 5 |  5.7
Stealth        | 2 |  2.0
Fighting       | 1 2 3 4 |  4.7
Short Blades   | 1 2 3 5 |  5.9
Shields        | 1 3 4 |  4.1
Air Magic      | 4 5 6 7 |  7.0
Conjurations   | 2 |  2.0
Spellcasting   | 3 |  3.3
Evocations     | 2 3 |  3.4
Summonings     | 1 3 |  3.0
Invocations    | 1 |  1.9

Action                   |  1- 3 |  4- 6 |  7- 9 || total
-------------------------+-------+-------+-------++-------
Melee: Short sword       |    52 |   123 |   173 ||   348
       Tailslap          |     3 |    15 |    19 ||    37
Throw: Stone             |       |       |    14 ||    14
 Cast: Shock             |    57 |    90 |   186 ||   333
       Summon Small Mamm |       |       |    14 ||    14
       Airstrike         |       |       |     1 ||     1
Invok: Ancestor Identity |       |       |     1 ||     1
 Abil: Breathe Frost     |       |       |    13 ||    13
  Use: Potion            |     1 |     1 |     3 ||     5
       Scroll            |       |     5 |     8 ||    13
 Stab: Sleeping          |     1 |     1 |     4 ||     6
       Distracted        |       |       |     2 ||     2
  Eat: Chunk             |     4 |     8 |    11 ||    23
       Ration            |       |       |     1 ||     1
Armor: Skin              |    18 |    72 |    40 ||   130
Dodge: Dodged            |    43 |   123 |   109 ||   275
Block: Buckler           |       |    23 |    49 ||    72
